 Dungeon Crawl Stone Soup version 0.14.1-1-g650416f (webtiles) character file.

417 Golfball the Covert (level 5, -4/38 HPs)
             Began as a Vampire Assassin on May 6, 2014.
             Killed from afar by an orc wizard (16 damage)
             ... with a puff of flame
             ... on Level 3 of the Dungeon.
             The game lasted 00:19:45 (2871 turns).

Golfball the Covert (Vampire Assassin)              Turns: 2871, Time: 00:19:46

HP  -4/38        AC  3     Str 11      XL: 5   Next: 73%
MP   5/5         EV 15     Int 13      God:
Gold 185         SH  0     Dex 15      Spells:  0 memorised,  4 levels left

rFire  x . .     SeeInvis +     l - +2,+1 hand axe (chop)
rCold  + . .     Clarity  .     c - +0 robe
rNeg   + . .     Conserve .     (no shield)
rPois  .         rCorr    .     (no helmet)
rElec  .         rRot     .     d - +0 cloak
SustAb . .       Spirit   .     (no gloves)
rMut   .         Warding  .     (no boots)
Saprov . . .     Stasis   .     (no amulet)
MR     .....                    j - +2 ring of evasion
                                i - ring of ice

@: not resistant to hostile enchantments, very stealthy
A: fangs 3, see invisible, unbreathing
a: Bat Form


You were on level 3 of the Dungeon.
You were not thirsty.

You visited 1 branch of the dungeon, and saw 3 of its levels.

You collected 185 gold pieces.

Inventory:

Hand weapons
 a - a +2,+2 dagger
 b - a +1 blowgun
 l - a +2,+1 hand axe of chopping (weapon)
Missiles
 e - 8 poisoned needles
 f - 8 curare-tipped needles
 g - 3 tomahawks (quivered)
Armour
 c - a +0 robe (worn)
 d - a +0 cloak (worn)
Magical devices
 v - a wand of flame (10)
Scrolls
 h - a scroll of immolation
 n - 3 scrolls of identify
 o - a scroll of enchant weapon II {unknown}
 p - a scroll of blinking {unknown}
 s - a scroll of fear {unknown}
 u - a scroll of teleportation {unknown}
 x - 2 scrolls of remove curse {unknown}
Jewellery
 i - a ring of ice (left hand)
 j - a +2 ring of evasion (right hand)
Potions
 k - a potion of lignification {unknown}
 m - a potion of haste {unknown}
 q - 2 potions of brilliance {unknown}
 r - a potion of curing {unknown}
 t - 2 potions of heal wounds {unknown}
 w - 2 potions of confusion {unknown}


   Skills:
 + Level 2.2 Fighting
 + Level 2.9 Short Blades
 * Level 0.6 Axes
 + Level 2.0 Throwing
 + Level 3.0 Dodging
 - Level 8.3 Stealth
 * Level 0.8 Evocations


You had 4 spell levels left.
You didn't know any spells.

Dungeon Overview and Level Annotations

Branches:
Dungeon (3/15)

Altars:
Vehumet


Innate Abilities, Weirdness & Mutations

You have razor-sharp teeth.*
You have supernaturally acute eyesight.
You can survive without breathing.*


Message History

An orc comes into view. It is wielding a glowing mace.
You see here a tomahawk.
The orc wizard closely misses you.
The orc throws a tomahawk.
The tomahawk misses you.
There is an open door here.
You see here a tomahawk.
You miss the orc wizard.
The orc wizard casts a spell.
The orc wizard flickers and vanishes for a moment.
The orc priest mumbles some strange prayers to Beogh against you.
Something smites you!
* * * LOW HITPOINT WARNING * * *
The orc barely misses you. The orc wizard closely misses you.
You hit the orc wizard but do no damage.
You hit the orc.
The orc is heavily wounded.
The orc wizard gestures at you while chanting.
The puff of flame hits you! The fire burns you terribly!
One of your 4 scrolls of identify catches fire!
You die...

#.# #. ##'######
##'## #.......###
......
####.......'.#
.......##..'.......#
.......#..##.......#
.
.....oS#.###.......#
#. #..o...o#.#
#.......# #
#.....ro@(#
#.......#
#......o###
#.......# #######
#.......# #....%%.#
#.......# #####'###
#....# ##'######
#.......####


You could see an orc priest, an orc wizard (invisible), an adder, 3 orcs and a
rat.

Vanquished Creatures
  Sigmund (D:2)
  A crimson imp (D:3)
  Terence (D:2)
  4 adders
  A giant mite (D:2)
  2 giant geckos
  10 orcs (D:3)
  7 bats
  5 giant cockroaches
  2 goblins
  9 hobgoblins
  A quokka (D:3)
  3 giant newts (D:1)
  6 kobolds
  6 rats
59 creatures vanquished.

Notes
Turn   | Place    | Note
--------------------------------------------------------------
     0 | D:1      | Golfball, the Vampire Assassin, began the quest for the Orb.
     0 | D:1      | Reached XP level 1. HP: 16/16 MP: 1/1
    81 | D:1      | Reached skill level 6 in Stealth
   318 | D:1      | Reached XP level 2. HP: 22/22 MP: 2/2
   776 | D:2      | Found a radiant altar of Vehumet.
   864 | D:2      | Noticed Terence
   912 | D:2      | Killed Terence
   912 | D:2      | Reached XP level 3. HP: 4/27 MP: 3/3
  1443 | D:2      | Noticed Sigmund
  1453 | D:2      | Killed Sigmund
  1453 | D:2      | Reached skill level 7 in Stealth
  1453 | D:2      | Reached XP level 4. HP: 33/33 MP: 4/4
  1519 | D:2      | Found a radiant altar of Vehumet.
  1529 | D:2      | Reached skill level 8 in Stealth
  1760 | D:2      | Reached XP level 5. HP: 34/38 MP: 5/5
  2871 | D:3      | Killed from afar by an orc wizard

Action                   |  1- 3 |  4- 6 || total
-------------------------+-------+-------++-------
Melee: Dagger            |    81 |    79 ||   160
       Hand axe          |       |    31 ||    31
 Fire: Blowgun           |     5 |     9 ||    14
 Abil: End Transformatio |       |     1 ||     1
       Bat Form          |       |     1 ||     1
  Use: Scroll            |       |     3 ||     3
 Stab: Sleeping          |     7 |     7 ||    14
